 Dungeon Crawl Stone Soup version 0.30.1-11-g7821555f0a (webtiles) character file.

Game seed: 2149865063422606959

275 FakeRyeBread the Chopper (level 6, -3/56 HPs)
             Began as a Minotaur Fighter on Dec 20, 2023.
             Slain by Edmund
             ... wielding a +1 flail of distortion
              (5 damage)
             ... on level 4 of the Dungeon.
             The game lasted 00:05:36 (2757 turns).

FakeRyeBread the Chopper (Minotaur Fighter)         Turns: 2757, Time: 00:05:36

Health: -3/56      AC:  8    Str: 23    XL:     6   Next: 3%
Magic:  5/5        EV:  9    Int:  5    God:
Gold:   187        SH:  4    Dex:  9    Spells: 5/5 levels left

rFire   . . .        a - +0 war axe
rCold   . . .        c - +0 buckler
rNeg    . . .        b - +0 scale mail
rPois   .            (helmet restricted)
rElec   .            (no cloak)
rCorr   .            p - +0 pair of gloves
SInv    .            (no boots)
Will    .....        (no amulet) Stlth
                     (no ring)
HPRegen 0.29/turn    (no ring)
MPRegen 0.09/turn

%: no passive effects
@: mighty, hasted, very quick
A: horns 2, retaliatory headbutt
a: no special abilities


You were on level 4 of the Dungeon.
You visited 1 branch of the dungeon, and saw 4 of its levels.

You collected 187 gold pieces.

Inventory:

Hand Weapons
 a - a +0 war axe (weapon)
Armour
 b - a +0 scale mail (worn)
 c - a +0 buckler (worn)
 p - a +0 pair of gloves (worn)
Jewellery
 o - an amulet of the acrobat
Wands
 m - a wand of digging (4)
 u - a wand of polymorph (15)
Scrolls
 n - 4 scrolls of teleportation
 r - a scroll of fear
 s - a scroll of acquirement {unknown}
 t - 2 scrolls of enchant armour {unknown}
Potions
 e - a potion of degeneration
 f - 3 potions of brilliance
 g - a potion of attraction
 h - 2 potions of haste
 i - a potion of invisibility
 j - a potion of magic
 k - a potion of cancellation {unknown}
 l - a potion of berserk rage {unknown}
 q - a potion of lignification {unknown}


   Skills:
 + Level 5.5 Fighting
 * Level 6.4 Axes
 - Level 3.6 Armour
 - Level 3.6 Shields


You had 5 spell levels left.
You didn't know any spells.
Your spell library contained the following spells:

 Spells                   Type           Power      Damage    Failure   Level
 Summon Small Mammal      Summ           0%         N/A       85%         1
 Call Canine Familiar     Summ           0%         N/A       99%         3
 Summon Guardian Golem    Hex/Summ       0%         N/A       99%         3
 Summon Lightning Spire   Summ/Air       0%         N/A       100%        4
 Storm Form               Tmut/Air       0%         N/A       100%        7
 Maxwell's Capacitive Co  Air            0%         ∞         100%        8


Dungeon Overview and Level Annotations

Branches:
Dungeon (4/15)
 Temple: D:4-7

Altars:

Shops:
D:4 *

Annotations:
D:4 Edmund


Innate Abilities, Weirdness & Mutations

You have a pair of horns on your head.
You reflexively headbutt those who attack you in melee.


Message History

The endoplasm barely misses you.
You slash the endoplasm!
You kill the endoplasm!
The dart slug bites you but does no damage.
You hit the dart slug but do no damage. You headbutt the dart slug!
You kill the dart slug!
No target in view!
n - 4 scrolls of teleportation (gained 1)
You now have 187 gold pieces (gained 12).
u - a wand of polymorph (15)
You see here a +0 falchion.
You closely miss Edmund.
Edmund says, "People will remember me!
They'll remember me and die!"
Edmund hits you with a +1 flail of distortion.
You barely miss Edmund.
Edmund zaps a wand.
The roots erupt in riotous growth!
The grasping roots grab you!
Edmund is unaffected.
The grasping roots constrict you.
You slash Edmund!
Edmund is lightly wounded.
You block Edmund's attack. The grasping roots constrict you.
Edmund hits you with a +1 flail of distortion.
Space warps horribly around you! The grasping roots constrict you.
You completely miss Edmund.
Edmund is lightly wounded.
Edmund hits you with a +1 flail of distortion.
Space warps horribly around you! The grasping roots constrict you.
You are too injured to fight recklessly!
You feel very mighty all of a sudden.
Edmund hits you with a +1 flail of distortion.
* * * LOW HITPOINT WARNING * * *
Space warps around you.
* * * LOW HITPOINT WARNING * * *
The grasping roots constrict you.
* * * LOW HITPOINT WARNING * * *
The grasping roots release their grip on you.
You feel yourself speed up.
Edmund hits you with a +1 flail of distortion!
* * * LOW HITPOINT WARNING * * *
Space warps around you.
You die...

.........########.##.##..........
<................................
#...[....###.###..###.#####.#####
##.....#.###.# #...##.# #.# #
##..........# #.#....# #.# #
######.##### #...#### #?# # #.#
#.### #.# # # #.# #.# #.# # #
#.#######@# #.# #
########.......@.# #.# #
†.........######## #.# #
#########.##### #.#####
#.....#############.#...#
#####...............#...#
#################...# #.......
####### #.......


You could see Edmund.

Vanquished Creatures
  A scorpion (D:4)
  A hound (D:4)
  Ijyb (D:3)
  5 gnolls
  5 adders
  2 worms (D:3)
  A dart slug (D:4)
  2 orcs
  6 endoplasms
  2 giant cockroaches
  6 goblins
  8 hobgoblins
  8 jackals
  4 kobolds
  3 quokkas
  3 ball pythons
  3 bats
  2 frilled lizards
  4 rats
67 creatures vanquished.

Notes
Turn   | Place    | Note
-------+----------+-------------------------------------------
     0 | D:1      | FakeRyeBread the Minotaur Fighter began the quest for the
                  | Orb.
     0 | D:1      | Reached XP level 1. HP: 19/19 MP: 0/0
    31 | D:1      | Reached skill level 3 in Axes
    78 | D:1      | Reached XP level 2. HP: 26/27 MP: 1/1
   488 | D:1      | Reached XP level 3. HP: 32/33 MP: 2/2
   731 | D:2      | Reached skill level 4 in Axes
   744 | D:2      | Reached XP level 4. HP: 27/41 MP: 3/3
  1409 | D:3      | Reached skill level 5 in Axes
  1545 | D:3      | Noticed Ijyb
  1552 | D:3      | Killed Ijyb
  1733 | D:3      | Reached XP level 5. HP: 47/47 MP: 4/4
  1778 | D:3      | Found a faded altar of an unknown god.
  1980 | D:4      | Noticed Edmund
  2108 | D:4      | Reached skill level 5 in Fighting
  2169 | D:4      | Identified the +1 robe "Noutemp" {rC- Int+8 Dex+4}
  2271 | D:4      | Reached skill level 6 in Axes
  2336 | D:4      | Found Piewnoso's General Store.
  2652 | D:4      | Reached XP level 6. HP: 56/56 MP: 5/5
  2757 | D:4      | HP: 2/56 [Edmund/+1 flail of distortion (7)]
  2757 | D:4      | Slain by Edmund

Illustrated notes

Levels and vault maps discovered:
D:1:      tarquinn_simple_flora_water_d, layout_basic, nrook_mini_vaults
D:2:      layout_basic
D:3:      layout_loops_corners, shapermc_ecumenical_altar_notcrosses,
          moated_statue, uniq_ijyb
D:4:      layout_loops_ring, nicolae_take_the_stairs, hangedman_decor_riveting,
          minmay_quantized, uniq_edmund

Skill      XL: |  1  2  3  4  5 |
---------------+----------------+-----
Axes           | 3 4 5 6 |  6.4
Fighting       | 4 5 |  5.5
Armour         | |  3.6
Shields        | |  3.6

Action                     |  1- 3 |  4- 6 || total
---------------------------+-------+-------++-------
  Melee: War axe           |    42 |    88 ||   130
         Headbutt          |     6 |     8 ||    14
    Use: Scroll            |       |    11 ||    11
         Potion            |       |     2 ||     2
 Armour: Scale mail        |    14 |    34 ||    48
  Dodge: Dodged            |    17 |    40 ||    57
  Block: Buckler           |    11 |    23 ||    34
